 Dungeon Crawl Stone Soup version 0.28-a0-21-gf74fda84f9 (webtiles) character file.

Game seed: 8470283666271816410

1021 hatdisgam the Poker (level 8, -2/60 HPs)
             Began as a Merfolk Summoner on July 26, 2021.
             Was a Follower of Okawaru.
             Slain by a troll (4 damage)
             ... on level 6 of the Dungeon.
             The game lasted 00:16:12 (9148 turns).

hatdisgam the Poker (Merfolk Summoner)              Turns: 9148, Time: 00:16:13

Health: -2/60      AC:  9    Str:  9    XL:     8   Next: 22%
Magic:  20/20      EV: 12    Int: 16    God:    Okawaru [*.....]
Gold:   240        SH:  0    Dex: 14    Spells: 2/12 levels left

rFire   + . .      SeeInvis .   u - +0 trident
rCold   . . .      Faith    .   (no shield)
rNeg    . . .      Spirit   .   y - +3 leather armour {rF+}
rPois   .          Reflect  .   (no helmet)
rElec   .          Harm     .   n - +1 cloak
rCorr   .          Rampage  .   (no gloves)
Will    .....                   q - +0 pair of boots
Stlth   ++........              k - amulet of magic regeneration
HPRegen 0.20/turn               f - ring of magical power
MPRegen 0.42/turn               (no ring)

@: brilliant
A: (nimble swimmer 2), mertail
a: Renounce Religion, Heroism


You were on level 6 of the Dungeon.
You worshipped Okawaru.
Okawaru was aware of your devotion.
You visited 1 branch of the dungeon, and saw 6 of its levels.

You collected 240 gold pieces.

Inventory:

Hand Weapons
 c - a +0 whip
 s - a +0 spear
 u - a +0 trident (weapon)
Armour
 a - a +0 robe
 n - a +1 cloak (worn)
 q - a +0 pair of boots (worn)
 y - a +3 leather armour of fire resistance (worn)
Jewellery
 e - a ring of ice
 f - a ring of magical power (left hand)
 k - an amulet of magic regeneration (around neck)
 v - a ring of protection from cold
 x - an amulet of guardian spirit
Wands
 j - a wand of flame (17)
Scrolls
 d - a scroll of immolation {unknown}
 g - 2 scrolls of blinking {unknown}
 i - 3 scrolls of noise
 l - a scroll of teleportation {unknown}
 o - a scroll of enchant weapon {unknown}
 p - 3 scrolls of identify
 t - a scroll of enchant armour {unknown}
 D - a scroll of silence {unknown}
Potions
 b - 2 potions of degeneration {unknown}
 h - 2 potions of brilliance
 m - a potion of might
 r - 2 potions of lignification {unknown}
 w - a potion of magic {unknown}
 z - a potion of ambrosia {unknown}
 A - a potion of curing {unknown}
 B - a potion of cancellation {unknown}
 C - a potion of heal wounds {unknown}
 E - a potion of berserk rage {unknown}


   Skills:
 - Level 4.1 Fighting
 * Level 7.7 Polearms
 + Level 3.6 Dodging
 - Level 2.1 Stealth
 - Level 2.5 Spellcasting
 - Level 5.9 Summonings
 + Level 2.6 Air Magic


You had 2 spell levels left.
You knew the following spells:

 Your Spells              Type           Power      Damage    Failure   Level
a - Summon Small Mammal   Summ           100%       N/A       2%          1
b - Call Imp              Summ           31%        N/A       3%          2
c - Call Canine Familiar  Summ           31%        N/A       7%          3
d - Summon Lightning Spi  Summ/Air       23%        N/A       43%         4

Your spell library contained the following spells:

 Spells                   Type           Power      Damage    Failure   Level
 Poisonous Vapours        Pois/Air       18%        N/A       24%         2
 Sting                    Tmut/Pois      12%        1d3       28%         1
 Passwall                 Tmut/Erth      2%         N/A       38%         2
 Summon Guardian Golem    Hex/Summ       17%        N/A       24%         3
 Swiftness                Air            15%        N/A       28%         3
 Stone Arrow              Conj/Erth      6%         3d7       63%         3
 Animate Armour           Summ/Erth      34%        N/A       63%         4
 Animate Dead             Necr           1%         N/A       95%         4
 Olgreb's Toxic Radiance  Pois           3%         N/A       95%         4
 Borgnjor's Vile Clutch   Necr/Erth      1%         N/A       100%        5
 Death Channel            Necr           1%         N/A       100%        6
 Invisibility             Hex            1%         N/A       100%        6
 Lehudib's Crystal Spear  Conj/Erth      1%         10d2      100%        8


Dungeon Overview and Level Annotations

Branches:
Dungeon (6/15)
 Temple: D:4-7

Altars:
Nemelex Xobeh
Okawaru
Qazlal
Ru
Trog
Vehumet
Zin


Innate Abilities, Weirdness & Mutations

((You are quick and stealthy near water. (Stealth+, EV+, Speed+++)))
Your lower body shifts to a powerful aquatic tail in water.


Message History

Your crimson imp blinks!
The phantom closely misses your hound.
You swap places.
The orc hits your hound with a +0 trident.
Your crimson imp blinks!
Your hound closely misses the orc.
The orc throws a boomerang.
The boomerang completely misses your hound.
The boomerang misses you. The troll bites you.
The troll claws you but does no damage. The troll claws you.
Your crimson imp blinks!
Your hound bites the orc.
The phantom hits you but does no damage.
The orc hits your hound with a +0 trident.
Your hound barely misses the orc.
Your hound bites the orc. x2
Your hound bites the orc.
The orc dies!
The phantom barely misses you.
Your crimson imp barely misses the steam dragon.
Your hound closely misses the steam dragon.
Your hound bites the steam dragon but does no damage.
Your crimson imp disappears in a puff of smoke!
Your hound bites the phantom.
Your hound closely misses the phantom.
The troll barely misses you. x2; The troll claws you!
* * * LOW HITPOINT WARNING * * *
Your hound barely misses the phantom.
As you read the scroll labelled ZETHASK KAUPYN, it crumbles to dust.
It is a scroll of identify.
i - 3 scrolls of noise The troll bites you!
* * * LOW HITPOINT WARNING * * *
The troll claws you.
* * * LOW HITPOINT WARNING * * *
The troll claws you.
* * * LOW HITPOINT WARNING * * *
Okay, then.
It was a potion of brilliance.
You feel clever all of a sudden. The troll bites you.
You die...

########...........###.......#
##########.#...###.###.......#
...........#.#.#.#..##.......#
...........#.....#..##.......#
...........#...#.#...#........
..?..)....5hW..hW..#.#.......#
.)......####..##D###.#.......#
......### ##..#T# #..#####+##
.....## ##.#@# ##.## #.#
....#.. #.#.# #..# #.#
........ #.#.# ##.# #.#
......... ##.#.# #.## #.#
#####.... #..#.#####..###.#
#.... ##.##............#
#..Z.#..##.######..#####.#.
#..###########.........
#[..........<.......###.##


You could see a troll (ally target), a steam dragon, a phantom and a friendly
hound (summoned).

Vanquished Creatures
  A hornet zombie (D:6)
  A black bear (D:5)
  A jelly (D:5)
  A bullfrog zombie (D:6)
  2 iguanas
  A hound skeleton (D:5)
  A howler monkey skeleton (D:6)
  An adder (D:4)
  3 gnolls (D:4)
  A white imp (D:6)
  2 dart slugs
  4 orcs
  5 ball pythons
  6 bats
  6 endoplasms
  9 goblins
  4 hobgoblins
  3 jackals
  4 kobolds
  3 quokkas
  A frilled lizard (D:3)
  6 rats
66 creatures vanquished.

Vanquished Creatures (collateral kills)
  Prince Ribbit (D:5)
  Eustachio (D:5)
  A black bear (D:5)
  An ogre (D:5)
  A kobold brigand (D:4)
  Blork the orc (D:5)
  2 scorpions (D:5)
  4 hounds (D:5)
  Crazy Yiuf (D:2)
  A centaur skeleton (D:5)
  Terence (D:3)
  An orc wizard (D:5)
  A hound skeleton (D:4)
  Robin (D:4)
  5 adders
  4 gnolls (D:4)
  A worm (D:3)
  A dart slug (D:4)
  6 orcs
  An endoplasm (D:2)
  A giant cockroach (D:1)
  5 goblins
  6 hobgoblins
  6 jackals
  3 quokkas
  2 ball pythons (D:2)
  A frilled lizard (D:2)
  3 kobolds
63 creatures vanquished.

Grand Total: 129 creatures vanquished

Notes
Turn   | Place    | Note
-------+----------+-------------------------------------------
     0 | D:1      | hatdisgam the Merfolk Summoner began the quest for the Orb.
     0 | D:1      | Reached XP level 1. HP: 13/13 MP: 3/3
   648 | D:1      | Reached XP level 2. HP: 10/19 MP: 1/5
   963 | D:1      | Learned a level 2 spell: Call Imp
  1634 | D:2      | Reached XP level 3. HP: 15/24 MP: 6/6
  2932 | D:2      | Reached skill level 5 in Summonings
  2949 | D:2      | Reached XP level 4. HP: 25/31 MP: 7/7
  3040 | D:2      | Reached skill level 1 in Fighting
  3181 | D:2      | Found a runed translucent door.
  3182 | D:2      | Noticed Crazy Yiuf
  3471 | D:2      | Learned a level 3 spell: Call Canine Familiar
  3494 | D:2      | Paralysed by Crazy Yiuf for 3 turns
  3496 | D:2      | Killed Crazy Yiuf
  3906 | D:3      | Noticed Terence
  3917 | D:3      | Killed Terence
  4435 | D:3      | Found a sacrificial altar of Ru.
  4632 | D:4      | Reached XP level 5. HP: 14/38 MP: 8/8
  5329 | D:4      | Noticed Robin
  5357 | D:4      | Killed Robin
  5394 | D:4      | Reached skill level 1 in Polearms
  5563 | D:4      | Noticed a kobold brigand
  5582 | D:4      | Killed a kobold brigand
  5583 | D:4      | Reached skill level 2 in Polearms
  6098 | D:4      | Reached XP level 6. HP: 22/46 MP: 9/9
  6358 | D:4      | Learned a level 4 spell: Summon Lightning Spire
  6369 | D:4      | Found a glowing silver altar of Zin.
  6648 | D:4      | Reached skill level 3 in Polearms
  6997 | D:5      | Entered Level 5 of the Dungeon
  7110 | D:5      | Found a sparkling altar of Nemelex Xobeh.
  7123 | D:5      | Reached skill level 4 in Polearms
  7167 | D:5      | Reached skill level 1 in Air Magic
  7180 | D:5      | Noticed Prince Ribbit
  7203 | D:5      | Noticed Blork the orc
  7526 | D:5      | Killed Blork the orc
  7527 | D:5      | Reached XP level 7. HP: 36/52 MP: 10/10
  7532 | D:5      | Reached skill level 5 in Polearms
  7650 | D:5      | Killed Prince Ribbit
  7902 | D:5      | Found a stormy altar of Qazlal.
  7904 | D:5      | Noticed a water elemental
  7922 | D:5      | Found an iron altar of Okawaru.
  7935 | D:5      | Became a worshipper of Warmaster Okawaru
  7948 | D:5      | Found a bloodstained altar of Trog.
  7962 | D:5      | Reached skill level 6 in Polearms
  8295 | D:5      | Found a radiant altar of Vehumet.
  8461 | D:5      | Noticed Eustachio
  8479 | D:5      | Killed Eustachio
  8574 | D:5      | Noticed a fire elemental
  8574 | D:5      | Noticed an air elemental
  8714 | D:5      | Reached * piety under Okawaru
  8715 | D:5      | Reached skill level 7 in Polearms
  8715 | D:5      | Reached XP level 8. HP: 54/60 MP: 11/11
  8858 | D:6      | Noticed a troll
  9147 | D:6      | HP: 2/60 [troll (3)]
  9148 | D:6      | Slain by a troll

Illustrated notes

Levels and vault maps discovered:
D:1:      amcnicky_arrival_single_pillar, layout_loops_ring
D:2:      layout_loops_corners, chequers_serial_rivers_room_b,
          uniq_crazy_yiuf_cottage
D:3:      layout_loops_ring, marbit_many_paths, uniq_terence
D:4:      layout_basic, zin_statuary, st_stairs_2, hangedman_decor_push,
          uniq_robin
D:5:      layout_cave_pools, nicolae_qazlal_style_of_elements,
          kennysheep_okawaru_gauntlet, nicolae_vehumet_radiance,
          nicolae_overflow_crystal_walls, trog_ov_bears_minmay,
          uniq_blork_the_orc, uniq_prince_ribbit1, uniq_eustachio
D:6:      layout_basic, mainiacjoe_overflow_alcove_2, serial_shops,
          nicolae_square_shop, minmay_crystal_room, minmay_manual_moon

Skill      XL: |  1  2  3  4  5  6  7 |
---------------+----------------------+-----
Summonings     | 5 |  5.9
Fighting       | 1 2 3 4 |  4.1
Polearms       | 2 4 7 |  7.7
Air Magic      | 1 2 |  2.6
Dodging        | 3 |  3.6
Stealth        | |  2.1
Spellcasting   | |  2.5

Action                   |  1- 3 |  4- 6 |  7- 9 || total
-------------------------+-------+-------+-------++-------
Melee: Whip              |   108 |    66 |       ||   174
       Unarmed           |     1 |       |       ||     1
       Spear             |       |    27 |       ||    27
       Trident           |       |    70 |    98 ||   168
 Cast: Summon Small Mamm |    13 |       |       ||    13
       Call Imp          |    18 |    37 |    10 ||    65
       Call Canine Famil |       |    21 |    15 ||    36
       Summon Lightning  |       |       |     1 ||     1
  Use: Scroll            |       |       |     1 ||     1
       Potion            |       |       |     1 ||     1
 Stab: Distracted        |     1 |     1 |     3 ||     5
       Sleeping          |     5 |     5 |     1 ||    11
Armor: Robe              |    29 |    32 |    24 ||    85
       Leather armour    |       |       |    25 ||    25
Dodge: Dodged            |   110 |    93 |    62 ||   265

Table legend: (Time is in decaauts)
 A = Elapsed time spent in this place.
 B = Non-inter-level travel time spent in this place.
 C = Inter-level travel time spent in this place.
 D = Time resting spent in this place.
 E = Time spent auto-exploring this place.
 F = Levels seen in this place.
 G = Mean time per level.
                   A        B        C        D        E       F      G
               +--------+--------+--------+--------+--------+-----+--------+
         Total |   9175 |   8922 |    253 |   2031 |   5534 |   6 | 1529.2 |
       Dungeon |   9175 |   8922 |    253 |   2031 |   5534 |   6 | 1529.2 |
               +--------+--------+--------+--------+--------+-----+--------+

Top non-repeatable levels by time:
     D:4: 2658 daAuts
     D:2: 2221 daAuts
     D:1: 1537 daAuts
     D:5: 1189 daAuts
     D:3: 1179 daAuts
     D:6: 388 daAuts
